 Dungeon Crawl Stone Soup version 0.25-a0-458-g6fc7858b95 (webtiles) character file.

Game seed: 12106177954286469605, levelgen mode: deterministic

4298 funkygono the Geomancer (level 10, -4/52 HPs)
             Began as a Gargoyle Earth Elementalist on Feb 1, 2020.
             Was a Priest of Sif Muna.
             Slain by a hornet (12 damage)
             ... on level 8 of the Dungeon.
             The game lasted 00:30:21 (8456 turns).

funkygono the Geomancer (GrEE)                      Turns: 8456, Time: 00:30:22

Health: -4/52      AC: 13    Str: 12    XL:     10   Next: 32%
Magic:  4/21       EV: 13    Int: 19    God:    Sif Muna [***...]
Gold:   395        SH:  0    Dex: 10    Spells: 15/24 levels left

rFire    . . .     SeeInvis .   A - staff of wizardry
rCold    + . .     Gourm    .   (no shield)
rNeg     + . .     Faith    +   q - +2 robe {rC+}
rPois    ∞         Spirit   .   s - +0 helmet
rElec    +         Reflect  .   (no cloak)
rCorr    .         Harm     .   (no gloves)
MR       .....                  K - +0 pair of boots
Stlth    ++........             k - amulet of faith
HPRegen  0.17/turn              (no ring)
MPRegen  0.17/turn              (no ring)

@: no status effects
A: negative energy resistance 1, electricity resistance, unbreathing,
petrification resistance, rot immunity, AC +7
a: Channel Magic, Forget Spell, Renounce Religion


You were on level 8 of the Dungeon.
You worshipped Sif Muna.
Sif Muna was most pleased with you.
You were not hungry.

You visited 2 branches of the dungeon, and saw 10 of its levels.

You collected 395 gold pieces.

Inventory:

Hand Weapons
 j - a +2 whip
 l - a +1 dagger of venom
 p - a +2 dagger of venom
 E - a +0 whip of freezing
Missiles
 b - 66 stones (quivered)
Armour
 q - a +2 robe of cold resistance (worn)
 s - a +0 helmet (worn)
 K - a +0 pair of boots (worn)
Magical Staves
 A - an uncursed staff of wizardry (weapon)
Jewellery
 i - an uncursed amulet of the acrobat
 k - an amulet of faith (around neck)
 y - an uncursed amulet of regeneration
Wands
 v - a wand of digging (5)
 z - a wand of flame (17)
 B - a wand of iceblast (19)
Scrolls
 g - 4 scrolls of teleportation
 n - a scroll of immolation
 F - a scroll of amnesia
Potions
 a - 3 potions of cancellation
 c - 2 potions of haste
 e - a potion of curing
 f - 2 potions of magic
 h - 2 potions of resistance
 m - a potion of flight
 o - 3 potions of ambrosia
 t - a potion of brilliance
 u - a potion of lignification
 w - a potion of degeneration
 x - a potion of agility
 D - a potion of might {unknown}
Comestibles
 d - 15 rations
 G - 2 chunks of flesh


   Skills:
 + Level 1.5 Fighting
 + Level 3.2 Maces & Flails
 + Level 3.3 Dodging
 + Level 4.2 Stealth
 + Level 7.8 Spellcasting
 + Level 4.9 Conjurations
   Level 0.7 Transmutations
 + Level 11.5 Earth Magic
 + Level 1.0 Invocations


You had 15 spell levels left.
You knew the following spells:

 Your Spells              Type           Power        Failure   Level  Hunger
a - Sandblast             Erth           ######       1%          1    None
b - Stone Arrow           Conj/Erth      #####.       1%          3    #......
c - Lee's Rapid Deconstr  Erth           ######....   1%          5    #####..

Your spell library contained the following spells:

 Spells                   Type           Power        Failure   Level  Hunger
 Passwall                 Tmut/Erth      ####....     1%          2    None
 Petrify                  Tmut/Erth      ####....     3%          4    ###....
 Animate Skeleton         Necr           N/A          4%          1    None
 Apportation              Tloc           #.....       4%          1    None
 Corona                   Hex            #......      4%          1    None
 Summon Small Mammal      Summ           #...         4%          1    None


Dungeon Overview and Level Annotations

Branches:
Dungeon (9/15)             Temple (1/1) D:7            Lair (0/6) D:8
    Orc: D:9-12

Altars:
Ashenzari
Cheibriados
Dithmenos
Fedhas
Gozag
Hepliaklqana
Kikubaaqudgha
Makhleb
Nemelex Xobeh
Okawaru
Ru
Sif Muna
Trog
Uskayaw
Vehumet
Wu Jian
Xom
Yredelemnul

Shops:
D:5 [

Annotations:
D:4 1 runed translucent door, funkygono's ghost, amateur DsNe


Innate Abilities, Weirdness & Mutations

You are resistant to torment.
Your stone body is resilient. (AC +7)
You are immune to poison.
You resist negative energy. (rN+)
You are resistant to electric shocks. (rElec)
You can survive without breathing.
You are immune to petrification.
You are immune to rotting.


Message History

The hornet stings you!
* * * LOW HITPOINT WARNING * * *
You feel much better.
The hornet stings you but does no damage.
The hornet stings you. The hornet closely misses you.
The hornet stings you but does no damage.
The hornet stings you but does no damage.
The hornet stings you.
The hornet stings you but does no damage.
There is a stone staircase leading up, spattered with blood here.
The hornet stings you but does no damage.
You climb upwards.
There is a stone staircase leading down here.
Unknown command.
You can't go up here!
The hornet misses you. The hornet stings you!
* * * LOW HITPOINT WARNING * * *
The hornet stings you!
You die...

##.P..P..P....#.##..#.#
##...PPP..P...#.......#
#....PP....P.P.###.####
...).PP...P.P..###.#
....P.P...P..P..##.#
..P.....P..PP...##.#
P..PPP)..P.PPP....>#
...P..PP>PPP..P.y###
..P..P..PPP.PP.P@#
.......P....PP...#
..P.....P...PP...#
...P..PP..P......#
#.P...P.....P...##
##.P..P......P###
#.P..P.P.....#
#..P........##
##..P.P..PP.P#


You could see a hornet.

Vanquished Creatures
  Pikel (D:6)
  Maggie (D:7)
  Prince Ribbit (D:6)
  A spriggan (D:8)
  Sigmund (D:6)
  Duvessa (D:7)
  3 porcupines (D:8)
  2 orc warriors
  A phantom (D:7)
  A sky beast (D:5)
  An ice beast (D:7)
  2 black bears (D:8)
  An ogre (D:4)
  3 centaurs
  A big kobold (D:8)
  6 bullfrogs
  Blork the orc (D:6)
  Dowan (D:7)
  2 scorpions
  A killer bee (D:8)
  3 electric eels (D:5)
  A crimson imp (D:7)
  A centaur zombie (D:8)
  A bullfrog zombie (D:8)
  An orc priest (D:8)
  2 bullfrog skeletons
  3 hounds
  6 orc wizards
  A centaur skeleton (D:8)
  2 iguanas
  8 worker ants
  A hound skeleton (D:4)
  A worker ant zombie (D:8)
  12 adders
  2 shadow imps
  An ooze (D:5)
  3 worms
  A dart slug (D:1)
  3 leopard geckos
  15 orcs
  5 bats
  3 giant cockroaches
  5 goblins
  8 hobgoblins
  12 jackals
  2 quokkas
  A ball python (D:2)
  4 frilled lizards
  12 kobolds
  A leopard gecko skeleton (D:6)
  A leopard gecko zombie (D:5)
  A quokka skeleton (D:4)
  A quokka zombie (D:6)
  5 rats
  A plant (D:8)
162 creatures vanquished.

Vanquished Creatures (others)
  A slave (D:6)
  A bullfrog (D:6)
  An orc wizard (D:6)
  A leopard gecko (D:6)
  A quokka (D:6)
  32 fungi (D:8)
  3 plants (D:8)
40 creatures vanquished.

Grand Total: 202 creatures vanquished

Notes
Turn   | Place    | Note
-------+----------+-------------------------------------------
     0 | D:1      | funkygono the Gargoyle Earth Elementalist began the quest
                  | for the Orb.
     0 | D:1      | Reached XP level 1. HP: 10/10 MP: 3/3
    41 | D:1      | Reached skill level 4 in Earth Magic
   126 | D:1      | Reached XP level 2. HP: 15/15 MP: 3/5
   524 | D:1      | Reached XP level 3. HP: 19/19 MP: 1/6
   657 | D:1      | Learned a level 3 spell: Stone Arrow
  1329 | D:2      | Reached skill level 5 in Earth Magic
  1689 | D:3      | Reached XP level 4. HP: 18/24 MP: 0/7
  1841 | D:3      | Found a hazy altar of Hepliaklqana.
  1841 | D:3      | Found a snail-covered altar of Cheibriados.
  1842 | D:3      | Found a shimmering blue altar of Sif Muna.
  1852 | D:3      | Became a worshipper of Sif Muna the Loreminder
  2016 | D:3      | Reached XP level 5. HP: 28/28 MP: 0/9
  2023 | D:3      | Learned a level 5 spell: Lee's Rapid Deconstruction
  2284 | D:3      | Reached skill level 1 in Conjurations
  2741 | D:3      | Found a sacrificial altar of Ru.
  2988 | D:4      | Reached XP level 6. HP: 31/32 MP: 3/11
  3085 | D:4      | Found a runed translucent door.
  3085 | D:4      | Noticed funkygono's ghost (amateur DsNe)
  3179 | D:4      | Reached skill level 6 in Earth Magic
  3997 | D:5      | Entered Level 5 of the Dungeon
  4070 | D:4      | Reached * piety under Sif Muna
  4254 | D:5      | Reached XP level 7. HP: 34/37 MP: 8/13
  4540 | D:5      | Reached skill level 7 in Earth Magic
  4696 | D:5      | Found a transporter.
  4711 | D:5      | Found a transporter.
  4915 | D:5      | Found Ytoat's Armour Shoppe.
  5036 | D:6      | Found a shimmering altar of Xom.
  5042 | D:6      | Reached XP level 8. HP: 42/42 MP: 5/15
  5205 | D:6      | Noticed Prince Ribbit
  5217 | D:6      | Killed Prince Ribbit
  5217 | D:6      | Reached skill level 5 in Spellcasting
  5217 | D:6      | Reached skill level 8 in Earth Magic
  5332 | D:6      | Noticed Sigmund
  5357 | D:6      | Killed Sigmund
  5399 | D:6      | Noticed Pikel
  5416 | D:6      | Killed Pikel
  5416 | D:6      | Reached skill level 9 in Earth Magic
  5416 | D:6      | Reached XP level 9. HP: 45/46 MP: 4/18
  5558 | D:6      | Found a shimmering blue altar of Sif Muna.
  5644 | D:6      | Noticed Blork the orc
  5649 | D:6      | Killed Blork the orc
  6023 | D:7      | Noticed Maggie
  6031 | D:7      | Killed Maggie
  6031 | D:7      | Reached skill level 10 in Earth Magic
  6031 | D:7      | Reached skill level 1 in Invocations
  6199 | D:7      | Found a staircase to the Ecumenical Temple.
  6204 | D:7      | Noticed Duvessa
  6209 | D:7      | Reached ** piety under Sif Muna
  6215 | D:7      | Killed Duvessa
  6218 | D:7      | Noticed Dowan
  6222 | D:7      | Killed Dowan
  6246 | D:7      | Reached skill level 1 in Fighting
  6368 | Temple   | Entered the Ecumenical Temple
  6616 | D:7      | Reached skill level 1 in Maces & Flails
  7189 | D:8      | Reached skill level 11 in Earth Magic
  7348 | D:8      | Reached XP level 10. HP: 36/52 MP: 12/20
  7525 | D:8      | Found a staircase to the Lair.
  7934 | D:8      | Reached *** piety under Sif Muna
  8439 | D:9      | HP: 2/52 [hornet (10)]
  8456 | D:8      | Slain by a hornet

Levels and vault maps discovered:
D:1:      dpeg_arrival_rooms_with_view, layout_loops_ring
D:2:      layout_basic, kennysheep_cross_room
D:3:      layout_loops_cross, old_standard_altar, gammafunk_temple_overflow_claw
D:4:      layout_basic, hellmonk_ghost_happy_afterlife, minmay_close_crescents
D:5:      gammafunk_steamed_eel, layout_basic, serial_shops,
          kennysheep_mini_moat, first_ration
D:6:      kennysheep_orc_sif_temple, layout_loops_ring, xom_teletrap_fun,
          uniq_pikel, uniq_blork_the_orc, uniq_sigmund, uniq_prince_ribbit1
D:7:      layout_cave_pools, minmay_temple_entry_butterflies, uniq_duvessa,
          uniq_maggie
D:8:      layout_loops_corners, due_lair_maze_entry_diamond, the_bakery
D:9:      layout_loops_ring, good_gods_mini_temple, grunt_qazlal_clouds,
          orc_david_3, basic_altar, okawaru_trees_2, uniq_gastronok
Temple:   dshaligram_water_room_temple

Skill      XL: |  1  2  3  4  5  6  7  8  9 10 |
---------------+-------------------------------+-----
Earth Magic    | 4 5 6 7 9 11 | 11.5
Spellcasting   | 3 4 6 7 |  7.8
Dodging        | 2 3 |  3.3
Conjurations   | 1 2 3 4 |  4.9
Stealth        | 3 4 |  4.2
Invocations    | 1 |  1.0
Fighting       | 1 |  1.5
Maces & Flails | 2 3 |  3.2
Transmutations | |  0.7

Action                   |  1- 3 |  4- 6 |  7- 9 | 10-12 || total
-------------------------+-------+-------+-------+-------++-------
Melee: Club              |     1 |       |       |       ||     1
       Whip              |    15 |    37 |    73 |     8 ||   133
       Staff             |       |       |       |     2 ||     2
 Cast: Sandblast         |    54 |    24 |    69 |    18 ||   165
       Stone Arrow       |     2 |    34 |    64 |    27 ||   127
       Lee's Rapid Decon |       |       |     1 |       ||     1
Invok: Channel Magic     |       |       |     1 |       ||     1
  Use: Scroll            |     6 |     7 |     7 |     5 ||    25
       Potion            |       |       |     3 |     1 ||     4
  Eat: Chunk             |     3 |     8 |    12 |     1 ||    24
       Ration            |       |     1 |     1 |       ||     2
Armor: Robe              |    11 |    28 |    65 |    15 ||   119
Dodge: Dodged            |    41 |    50 |    82 |    16 ||   189

Table legend:
 A = Non-vault XP
 B = Vault XP
 C = Vault XP percentage of total XP
 D = Non-vault monster count
 E = Vault monster count
 F = Vault count percentage of total count
                 A         B        C        D         E       F
            +---------+---------+-------+---------+---------+-------
      Total |    2751 |    3389 |  55.2 |     134 |      27 |  16.8
            +---------+---------+-------+---------+---------+-------
        D:1 |      31 |       3 |   8.8 |      19 |       2 |   9.5
        D:2 |      40 |       0 |   0.0 |      15 |       0 |   0.0
        D:3 |     220 |       0 |   0.0 |      24 |       0 |   0.0
        D:4 |     236 |      37 |  13.6 |      13 |       1 |   7.1
        D:5 |     436 |     162 |  27.1 |      14 |       3 |  17.6
        D:6 |     115 |    1383 |  92.3 |      10 |       8 |  44.4
        D:7 |     816 |     602 |  42.5 |      15 |       3 |  16.7
        D:8 |     715 |    1202 |  62.7 |      21 |      10 |  32.3
        D:9 |     142 |       0 |   0.0 |       3 |       0 |   0.0
            +---------+---------+-------+---------+---------+-------
